 Dungeon Sprint DCSS version 0.31-a0-963-ga325b2283a (webtiles) character file.

Game seed: 4967714908692157213

980 sircluck the Grappler (level 7, -1/124 HPs)
             Began as a Troll Berserker on Oct 25, 2023.
             Was a High Priest of Trog.
             Killed by divine providence
             ... invoked by a smoke demon
              (13 damage)
             ... in the Dungeon (Sprint VII: "The Pits").
             The game lasted 00:01:05 (445 turns).

sircluck the Grappler (Troll Berserker)              Turns: 445, Time: 00:01:06

Health: -1/124     AC:  4    Str: 28    XL:     7   Next: 96%
Magic:  6/6        EV: 12    Int:  3    God:    Trog [*****.]
Gold:   0          SH:  0    Dex:  9    Spells: 6/6 levels left

rFire   . .          .
                       - Unarmed
rCold   . . .        (no shield)
rNeg    . . .        a - +0 animal skin
rPois   .            (helmet restricted)
rElec   .            (no cloak)
rCorr   .            (gloves unavailable)
SInv    .            (boots unavailable)
Will    .....        (no amulet) Stlth
                     (no ring)
HPRegen 1.20/turn    (no ring)
MPRegen 0.10/turn

%: no teleportation
@: berserking, very quick
A: large, unfitting armour, claws 3, regeneration 1, shaggy fur 1, tough skin 1
a: Renounce Religion, Berserk, Trog's Hand, Brothers in Arms


You were in the Dungeon.
You worshipped Trog.
Trog was extremely pleased with you.
You visited 1 branch

Inventory:

Armour
 a - a +0 animal skin (worn)
Scrolls
 g - a scroll of blinking
 i - 2 scrolls of vulnerability
 j - a scroll of butterflies
Potions
 b - 6 potions of curing
 c - 6 potions of heal wounds
 d - a potion of haste
 e - 4 potions of magic
 f - 3 potions of berserk rage
 h - 2 potions of invisibility


   Skills:
 + Level 9.0 Fighting
 + Level 8.8 Dodging
 + Level 10.5 Unarmed Combat


You had 6 spell levels left.
You didn't know any spells.
Your spell library was empty.

Dungeon Overview and Level Annotations

Branches:
Dungeon (1/1)

Altars:
Ashenzari
Cheibriados
Dithmenos
Elyvilon
Fedhas
Gozag
Hepliaklqana
Kikubaaqudgha
Makhleb
Nemelex Xobeh
Okawaru
Qazlal
Ru
Sif Muna
Trog
Uskayaw
Vehumet
Wu Jian
Xom
Yredelemnul
Zin
The Shining One
Jiyva
Lugonu


Innate Abilities, Weirdness & Mutations

You are too large for most types of armour.
You have claws for hands.
Your natural rate of healing is unusually fast.
You are covered in fur. (AC +1)
You have tough skin. (AC +1)


Message History

You claw the worm!
You kill the worm!
Trog accepts your kill.
HP restored.
There is an open door here.
You open the door.
A smoke demon and an alligator snapping turtle come into view.
The smoke demon roars!
The alligator snapping turtle hisses angrily.
The smoke demon moves out of view.
The smoke demon gestures at you. Something smites you!
A red film seems to cover your vision as you go berserk!
You feel yourself moving faster!
You feel mighty! The smoke demon gestures at you. Something smites you!
The alligator snapping turtle bites you from afar.
You feel a strong urge to attack something.
You scratch the alligator snapping turtle.
The alligator snapping turtle is lightly wounded.
The alligator snapping turtle bites you!
You barely miss the alligator snapping turtle.
The alligator snapping turtle is lightly wounded.
You scratch the alligator snapping turtle.
You claw the alligator snapping turtle, but do no damage.
The alligator snapping turtle is lightly wounded.
The alligator snapping turtle bites you!!!
You claw the alligator snapping turtle!
The alligator snapping turtle is lightly wounded.
The smoke demon gestures at you. Something smites you!
* * * LOW HITPOINT WARNING * * *
You scratch the alligator snapping turtle.
You claw the alligator snapping turtle, but do no damage.
The alligator snapping turtle is lightly wounded.
The alligator snapping turtle bites you!
* * * LOW HITPOINT WARNING * * *
The smoke demon gestures at you. Something smites you!
You die...

#)###'###))##.......#
#)#..†).#))##.......#
#)#.....#[[##.......#
#.####)##'###...<...#
#)#...)....##.......#
#.#........##.......#
#'###########.......#
#.......#..##########
#..###..#@##
#.......#t#
##.###.##3#
#.......#.'....+
#..###..#'#.t..#
#......)'.#....#
########### ####


You could see an alligator snapping turtle and a smoke demon.

Vanquished Creatures
  An unseen horror (D)
  A fire bat (D)
  A warg (D)
  An ice beast (D)
  A phantom (D)
  A kobold brigand (D)
  A scorpion (D)
  An orc priest (D)
  4 gnolls (D)
  A river rat (D)
  An adder (D)
  An adder skeleton (D)
  A worm (D)
  2 orcs (D)
  2 ball pythons (D)
  An endoplasm (D)
  2 giant cockroaches (D)
  A bat (D)
  A frilled lizard (D)
25 creatures vanquished.

Vanquished Creatures (collateral kills)
  A gnoll sergeant (D)
  A gnoll (D)
2 creatures vanquished.

Grand Total: 27 creatures vanquished

Notes
Turn   | Place    | Note
-------+----------+-------------------------------------------
     0 | D        | sircluck the Troll Berserker began the quest for the Orb.
     0 | D        | Reached XP level 1. HP: 22/22 MP: 0/0
    20 | D        | Found a bloodstained altar of Trog.
    20 | D        | Found a shimmering blue altar of Sif Muna.
    20 | D        | Found a viscous altar of Jiyva.
    20 | D        | Found a hazy altar of Hepliaklqana.
    20 | D        | Found an opulent altar of Gozag.
    21 | D        | Found a glowing golden altar of the Shining One.
    21 | D        | Found a glowing silver altar of Zin.
    21 | D        | Found a basalt altar of Yredelemnul.
    21 | D        | Found a shimmering altar of Xom.
    21 | D        | Found an ornate altar of the Wu Jian Council.
    21 | D        | Found a sacrificial altar of Ru.
    21 | D        | Found a stormy altar of Qazlal.
    21 | D        | Found an iron altar of Okawaru.
    21 | D        | Found a sparkling altar of Nemelex Xobeh.
    21 | D        | Found a burning altar of Makhleb.
    21 | D        | Found a blossoming altar of Fedhas.
    21 | D        | Found a white marble altar of Elyvilon.
    21 | D        | Found a shadowy altar of Dithmenos.
    21 | D        | Found a snail-covered altar of Cheibriados.
    23 | D        | Found a radiant altar of Vehumet.
    23 | D        | Found a corrupted altar of Lugonu.
    24 | D        | Found a hide-covered altar of Uskayaw.
    24 | D        | Found an ancient bone altar of Kikubaaqudgha.
    24 | D        | Found a broken altar of Ashenzari.
    67 | D        | Reached ** piety under Trog
    76 | D        | Reached skill level 4 in Unarmed Combat
    76 | D        | Reached XP level 2. HP: 19/31 MP: 1/1
    91 | D        | Noticed a scorpion
    97 | D        | Reached *** piety under Trog
   100 | D        | Killed a scorpion
   101 | D        | Reached skill level 5 in Unarmed Combat
   101 | D        | Reached XP level 3. HP: 35/40 MP: 2/2
   101 | D        | Reached XP level 4. HP: 44/49 MP: 3/3
   115 | D        | Reached **** piety under Trog
   116 | D        | Reached skill level 5 in Fighting
   116 | D        | Reached skill level 5 in Dodging
   116 | D        | Reached skill level 6 in Unarmed Combat
   159 | D        | Noticed a gnoll sergeant
   159 | D        | Noticed a kobold brigand
   159 | D        | Noticed a fire bat
   160 | D        | Noticed a warg
   165 | D        | Killed a gnoll sergeant
   166 | D        | Reached skill level 7 in Unarmed Combat
   166 | D        | Reached XP level 5. HP: 59/59 MP: 4/4
   167 | D        | Noticed an ice beast
   180 | D        | Killed a fire bat
   181 | D        | Reached skill level 8 in Unarmed Combat
   181 | D        | Reached XP level 6. HP: 23/68 MP: 5/5
   183 | D        | Killed a warg
   189 | D        | Reached skill level 9 in Unarmed Combat
   193 | D        | Reached XP level 7. HP: 14/79 MP: 6/6
   195 | D        | Reached ***** piety under Trog
   265 | D        | Received a gift from Trog
   278 | D        | Killed an unseen horror
   279 | D        | Reached skill level 10 in Unarmed Combat
   433 | D        | Noticed a smoke demon
   433 | D        | Noticed an alligator snapping turtle
   445 | D        | Killed from afar by a smoke demon

Illustrated notes

Levels and vault maps discovered:
D:        pitsprint [storerooms_1, entrance_room_1, metal_vault_6, armoury_1,
          mini_pit_1, grid_room_1, main_hall_1, silver_pit, the_coven_3,
          the_vestibule_1, steel_vault_3, golden_pit, hallway_of_sentries,
          crystal_vault_1, iron_vault_2, final_vault]

Skill      XL: |  1  2  3  4  5  6  7 |
---------------+----------------------+-----
Fighting       | 3 4 5 6 7 9 |  9.0
Dodging        | 3 4 5 6 7 8 |  8.8
Unarmed Combat | 4 5 7 8 9 10 | 10.5

Action                     |  1- 3 |  4- 6 |  7- 9 || total
---------------------------+-------+-------+-------++-------
  Melee: Unarmed           |    19 |    22 |    30 ||    71
         Punch             |       |       |     5 ||     5
 Invoke: Brothers in Arms  |       |     1 |       ||     1
         Berserk           |       |     1 |     2 ||     3
   Stab: Sleeping          |     1 |       |     1 ||     2
 Armour: Animal skin       |    10 |    14 |    18 ||    42
  Dodge: Dodged            |    13 |    12 |     4 ||    29

Table legend: (Time is in decaauts)
 A = Elapsed time spent in this place.
 B = Non-inter-level travel time spent in this place.
 C = Inter-level travel time spent in this place.
 D = Time resting spent in this place.
 E = Time spent auto-exploring this place.
 F = Levels seen in this place.
 G = Mean time per level.
                   A        B        C        D        E       F      G
               +--------+--------+--------+--------+--------+-----+--------+
         Total |    452 |    452 |      0 |    183 |     87 |   1 |  452.0 |
       Dungeon |    452 |    452 |      0 |    183 |     87 |   1 |  452.0 |
               +--------+--------+--------+--------+--------+-----+--------+

Top non-repeatable levels by time:
       D: 452 daAuts
